 Dungeon Crawl Stone Soup version 0.29.1-2-gbd0b4ee654 (webtiles) character file.

Game seed: 17888700793848259338

154 nshep25 the Ducker (level 5, 0/39 HPs)
             Began as a Demonspawn Gladiator on Nov 9, 2022.
             Killed from afar by Dowan (11 damage)
             ... with a puff of flame
             ... on level 4 of the Dungeon.
             The game lasted 00:06:49 (3371 turns).

nshep25 the Ducker (Demonspawn Gladiator)           Turns: 3371, Time: 00:06:50

Health: 0/39       AC:  3    Str: 15    XL:     5   Next: 13%
Magic:  5/5        EV: 13    Int:  9    God:
Gold:   246        SH:  0    Dex: 16    Spells: 4/4 levels left

rFire   . . .      SeeInvis .   a - +0 long sword
rCold   . . .      Faith    .   (no shield)
rNeg    . . .      Spirit   .   h - +0 leather armour
rPois   .          Reflect  .   (helmet restricted)
rElec   .          Harm     .   (no cloak)
rCorr   .          Rampage  .   (no gloves)
Will    .....                   (no boots)
Stlth   ++........              (no amulet)
HPRegen 0.13/turn               (no ring)
MPRegen 0.09/turn               (no ring)

@: no status effects
A: antennae 1, claws 1, hooves 1, powered by pain 1
a: no special abilities


You were on level 4 of the Dungeon.
You visited 1 branch of the dungeon, and saw 4 of its levels.

You collected 246 gold pieces.

Inventory:

Hand Weapons
 a - a +0 long sword (weapon)
 b - a +0 longbow
Missiles
 d - 3 throwing nets (quivered)
 e - a javelin
Armour
 c - a +0 helmet
 h - a +0 leather armour (worn)
 r - a +2 pair of boots
Wands
 u - a wand of polymorph (4)
Scrolls
 i - 5 scrolls of identify {unknown}
 n - 4 scrolls of poison {unknown}
 o - 2 scrolls of immolation {unknown}
 p - 2 scrolls of noise {unknown}
 q - a scroll of vulnerability {unknown}
 t - a scroll of silence {unknown}
 v - 2 scrolls of blinking {unknown}
Potions
 f - a potion of haste {unknown}
 g - a potion of flight {unknown}
 j - 2 potions of curing {unknown}
 k - 2 potions of ambrosia {unknown}
 l - a potion of heal wounds
 m - a potion of lignification {unknown}
 s - a potion of mutation {unknown}


   Skills:
 + Level 2.6 Fighting
 + Level 3.4 Long Blades
 + Level 1.5 Ranged Weapons
 + Level 2.1 Throwing
 + Level 1.1 Armour
 + Level 3.4 Dodging
 + Level 1.0 Stealth


You had 4 spell levels left.
You didn't know any spells.
Your spell library contained the following spells:

 Spells                   Type           Power      Damage    Failure   Level
 Slow                     Hex            0%         N/A       45%         1
 Blink                    Tloc           0%         N/A       58%         2
 Static Discharge         Conj/Air       0%         3-3/arc   58%         2
 Confusing Touch          Hex            0%         N/A       83%         3
 Lesser Beckoning         Tloc           0%         N/A       83%         3
 Vampiric Draining        Necr           0%         2d6       83%         3
 Dispel Undead            Necr           0%         3d6       99%         4
 Sticky Flame             Conj/Fire      0%         2d3       99%         4
 Manifold Assault         Tloc           0%         N/A       100%        5


Dungeon Overview and Level Annotations

Branches:
Dungeon (4/15)
 Temple: D:4-7

Altars:
Yredelemnul

Shops:
D:1 *   D:3 [

Annotations:
D:4 Dowan


Innate Abilities, Weirdness & Mutations

You have a pair of small antennae on your head.
You have sharp fingernails.
You have large cloven feet.
You sometimes gain a little power by taking damage.


Message History

Dowan casts a spell.
Dowan blinks!
Found a blue potion.
There is an open door here.
Dowan zaps a wand.
The puff of flame hits you.
You open the door.
Dowan points at you and mumbles some strange words.
The puff of flame hits you!
There is an open door here.
There is an open door here.
There is a stone staircase leading up here.
b - a +0 longbow (weapon)
You shoot an arrow. The arrow hits the goblin!
You kill the goblin!
You shoot an arrow. The arrow hits Duvessa.
Duvessa is lightly wounded.
You shoot an arrow. The arrow hits Duvessa!
Duvessa is heavily wounded.
Dowan points at Duvessa and mumbles some strange words.
Duvessa seems to speed up.
a - a +0 long sword (weapon)
Duvessa barely misses you.
You slash Duvessa! Your kick misses Duvessa.
You claw Duvessa, but do no damage.
Duvessa is severely wounded.
Duvessa closely misses you. Duvessa barely misses you.
Duvessa hits you with a +3 short sword of speed.
You hit Duvessa. You kick Duvessa, but do no damage.
Duvessa is severely wounded.
Duvessa says, "When magic and the sword combine, nothing stands against them."
Duvessa hits you with a +3 short sword of speed.
Duvessa hits you with a +3 short sword of speed!
Duvessa hits you with a +3 short sword of speed.
* * * LOW HITPOINT WARNING * * *
You slash Duvessa! You kick Duvessa.
You kill Duvessa!
Dowan's eyes darken. "You have made a black mistake."
Dowan seems to find hidden reserves of power!
Dowan zaps a wand.
The puff of flame hits you!
You die...

.......................#
########..........######
#..........#
#..........#
########.)........######
.........#'###+#........
.........#.....#........
......e).#.....#........
.......@.#..g..#........
.........#.....#......e.
.........#.....#........
......>..#####e#........
########## #.....###+#..
#.....'...'..
#.....#...#..
#.....#...# .
#.....#...#


You could see Dowan (fast).

Vanquished Creatures
  Duvessa (D:4)
  2 hounds (D:4)
  Robin (D:3)
  3 adders
  A dart slug (D:1)
  A bat (D:1)
  An endoplasm (D:1)
  3 giant cockroaches (D:1)
  13 goblins
  6 hobgoblins
  2 jackals (D:1)
  6 ball pythons
  7 frilled lizards
  5 kobolds
  3 rats
55 creatures vanquished.

Notes
Turn   | Place    | Note
-------+----------+-------------------------------------------
     0 | D:1      | nshep25 the Demonspawn Gladiator began the quest for the
                  | Orb.
     0 | D:1      | Reached XP level 1. HP: 16/16 MP: 1/1
   185 | D:1      | Gained mutation: You sometimes gain a little power by
                  | taking damage. [demonic ancestry]
   185 | D:1      | Reached XP level 2. HP: 22/22 MP: 2/2
   854 | D:1      | Found Cuavuetem's General Store.
   938 | D:1      | Reached skill level 1 in Ranged Weapons
   938 | D:1      | Discovered your monstrous ancestry.
   938 | D:1      | Gained mutation: You have a pair of small antennae on your
                  | head. [demonic ancestry]
   938 | D:1      | Reached XP level 3. HP: 26/28 MP: 3/3
  1652 | D:2      | Found a faded altar of an unknown god.
  1980 | D:3      | Found Assinote's Armour Shop.
  1993 | D:3      | Noticed Robin
  2006 | D:3      | HP: 1/28 [goblin/+0 dagger[Robin] (2)]
  2015 | D:3      | HP: 1/28 [goblin/+0 dagger[Robin] (1)]
  2387 | D:3      | Killed Robin
  2388 | D:3      | Gained mutation: You have large cloven feet. [demonic
                  | ancestry]
  2388 | D:3      | Reached XP level 4. HP: 17/34 MP: 4/4
  2752 | D:3      | Found a basalt altar of Yredelemnul.
  3208 | D:4      | Reached skill level 1 in Armour
  3256 | D:4      | Reached skill level 1 in Stealth
  3256 | D:4      | Gained mutation: You have sharp fingernails. [demonic
                  | ancestry]
  3256 | D:4      | Reached XP level 5. HP: 30/39 MP: 5/5
  3344 | D:4      | Noticed Duvessa
  3344 | D:4      | Noticed Dowan
  3371 | D:4      | Killed Duvessa
  3371 | D:4      | Killed from afar by Dowan

Illustrated notes

Levels and vault maps discovered:
D:1:      dpeg_arrival_refuge, layout_loops_ring, serial_shops,
          nicolae_shop_behind_doors
D:2:      layout_basic, ebering_ecumenical_altar_hall
D:3:      layout_basic, mainiacjoe_overflow_brackets, serial_shops,
          nicolae_shop_stone, uniq_robin
D:4:      layout_gridville, nicolae_gozag_seed_capital, uniq_duvessa,
          uniq_crazy_yiuf_cottage

Skill      XL: |  1  2  3  4 |
---------------+-------------+-----
Throwing       | 2 |  2.1
Dodging        | 3 |  3.4
Ranged Weapons | 1 |  1.5
Long Blades    | 3 |  3.4
Armour         | 1 |  1.1
Stealth        | 1 |  1.0
Fighting       | |  2.6

Action                   |  1- 3 |  4- 6 || total
-------------------------+-------+-------++-------
Melee: Long sword        |    82 |    16 ||    98
       Punch             |     1 |     1 ||     2
       Kick              |       |     5 ||     5
 Fire: Longbow           |    66 |     8 ||    74
 Stab: Sleeping          |       |     1 ||     1
Armor: Leather armour    |    54 |     1 ||    55
Dodge: Dodged            |   101 |    17 ||   118
